Cogmind - Beta 13 @@@ ROGUE MODE // 2024.05.06 @ 11:18:52 Player: Barbarossa Result: Destroyed by as-67097 with Assembled Heavy Rifle Performance ------------- Evolutions (0) 0 Regions Visited (3) 600 Robots Destroyed (4) 20 Value Destroyed (31) 31 Prototype IDs (23) 460 Alien Tech Used (0) 0 Bonus (278) 278 TOTAL SCORE: 1389 Bonus ------- Aligned with FarCom 300 Friendly Fire -22 Cogmind --------- Core Integrity 0/250 Matter 300/300 Energy 88/100 System Corruption 0% Temperature Cool (33) Movement Flying (40) Location -10/Exiles Parts ------- > --- POWER (1) -------- (None) > --- PROPULSION (2) --- Flight Unit > --- UTILITY (2) ------ Improved Heat Sink Signal Interpreter > --- WEAPON (2) ------- (None) > --- INVENTORY (5) ---- Light Ion Engine Flight Unit Spread Laser Spread Laser Spread Laser Peak State ------------ > --- POWER ------------ Light Ion Engine > --- PROPULSION ------- Flight Unit Flight Unit > --- UTILITY ---------- Heat Sink Heat Sink > --- WEAPON ----------- Spread Laser Spread Laser > --- INVENTORY -------- Light Ion Engine Flight Unit Spread Laser Spread Laser [Rating: 9] Favorites ----------- Power Light Ion Engine Engine Light Ion Engine Propulsion Flight Unit Leg Aluminum Leg Flight Unit Flight Unit Utility Improved Heat Sink Device Improved Heat Sink Storage Small Storage Unit Processor Signal Interpreter Weapon Spread Laser Energy Gun Spread Laser Ballistic Gun Assault Rifle Build | -11 -10 -10 -10 ------- Run | Yrd Mat Min Exi Slots Evolved . | . . . . Power . | . . . . Propulsion . | . . . . Utility . | . . . . Weapon . | . . . . Parts Attached 11 | . 8 3 . Power . | . . . . Engine . | . . . . Core . | . . . . Reactor . | . . . . Propulsion 3 | . 2 1 . Treads . | . . . . Leg . | . . . . Wheel . | . . . . Hover . | . . . . Flight 3 | . 2 1 . Utility 4 | . 2 2 . Device 3 | . 2 1 . Storage . | . . . . Processor 1 | . . 1 . Hackware . | . . . . Protection . | . . . . Artifact . | . . . . Weapon 4 | . 4 . . Energy Gun 4 | . 4 . . Energy Cannon . | . . . . Ballistic Gun . | . . . . Ballistic Cannon . | . . . . Launcher . | . . . . Special Weapon . | . . . . Impact Weapon . | . . . . Slashing Weapon . | . . . . Piercing Weapon . | . . . . Special Melee Weapon . | . . . . Unidentified Prototypes . | . . . . Parts Lost 3 | . . . 3 Power 1 | . . . 1 Propulsion 1 | . . . 1 Utility . | . . . . Weapon 1 | . . . 1 Highest Loss Streak 3 | . . . 3 To Critical Strikes 1 | . . . 1 Average Slot Usage (%) 84 | . 83 85 84 Engine 14 | . 14 14 14 Flight 27 | . 24 28 27 Device 17 | . 10 23 14 Processor 8 | . . 4 14 Energy Gun 14 | . 16 14 14 Ballistic Gun 1 | . 10 . . Naked Turns . | . . . . Heaviest Build 12 | 12 12 8 7 Greatest Support 20 | 20 20 8 8 Greatest Overweight (x) 1 | . 1 . 1 Average Overweight (x) . | . . . . Largest Inventory Capacity 8 | . 8 5 5 Average Capacity 5 | . 5 5 5 Most Carried 8 | . 8 5 5 Average Carried 5 | . 5 5 5 Final Capacity 8 | 8 5 5 5 Final Carried 6 | 6 5 5 5 Class Distribution -------------------- 100% | Mutant Dominant Class ---------------- Mutant | -10/Materials Mutant | -10/Mines Mutant | -10/Exiles Resources | -11 -10 -10 -10 ----------- Run | Yrd Mat Min Exi Matter Collected 300 | 200 . 100 . Remotely . | . . . . Salvage Created 62 | . . 62 . Parts 7 | . . 7 . Haulers Intercepted . | . . . . Recyclers Shooed . | . . . . Parts Field Recycled . | . . . . Retrieved Matter . | . . . . Parts Self-Destructed . | . . . . Prevented . | . . . . Kills | -11 -10 -10 -10 ------- Run | Yrd Mat Min Exi Combat Hostiles Destroyed 3 | . . 3 . Guns 3 | . . 3 . Classes Destroyed 2 | . . 2 . Worker 1 | . . 1 . Swarmer 3 | . . 3 . Best Kill Streak 4 | . . 4 . Combat Bots Only 3 | . . 3 . Max Kills in Single Turn 1 | . . 1 . Gunslinging . | . . . . Exploded . | . . . . Melee . | . . . . Uniques/NPCs Destroyed . | . . . . Combat | -11 -10 -10 -10 -------- Run | Yrd Mat Min Exi Hostile Shots Fired 47 | . . 8 39 Missed 17 | . . 3 14 Damage Taken 452 | . . 71 381 Core 255 | . . 48 207 Absorbed by Shields . | . . . . Core Remaining (%) 100 | 100 . . . Volleys Fired 17 | . . 14 3 Largest 1 | . . 1 1 Hottest 65 | . . 65 65 Shots Fired 17 | . . 14 3 Gun 17 | . . 14 3 Cannon . | . . . . Launcher . | . . . . Special . | . . . . Kinetic . | . . . . Thermal 17 | . . 14 3 Explosive . | . . . . Electromagnetic . | . . . . Robot Hit Streak 6 | . . 6 4 Robot Miss Streak 7 | . . 7 4 Penetration Max . | . . . . Secondary Targets . | . . . . Shots Hit Robots 16 | . . 13 3 Core Hits 19 | . . 11 8 Critical Kills . | . . . . Critical Parts Destroyed . | . . . . Critical Strikes . | . . . . Melee Attacks . | . . . . Impact . | . . . . Slashing . | . . . . Piercing . | . . . . Sneak Attacks . | . . . . Combat Hostiles . | . . . . Follow-up Attacks . | . . . . Damage Inflicted 182 | . . 120 62 Guns 182 | . . 120 62 Cannons . | . . . . Explosions . | . . . . Melee . | . . . . Ramming . | . . . . Kinetic . | . . . . Thermal 182 | . . 120 62 Explosive . | . . . . Electromagnetic . | . . . . Impact . | . . . . Slashing . | . . . . Piercing . | . . . . Highest Corruption . | . . . . Average Corruption . | . . . . Corruption Purged . | . . . . Corruption Blocked . | . . . . Overload Shots . | . . . . Overflow Damage . | . . . . Projectiles . | . . . . Explosions . | . . . . Melee . | . . . . Knockbacks . | . . . . Impact . | . . . . Kinetic . | . . . . Secondary . | . . . . Self-Inflicted Damage . | . . . . Shots . | . . . . Rammed . | . . . . Targets Rammed . | . . . . Kicked . | . . . . Crushed . | . . . . Highest Temperature 39 | . . . 39 Average Temperature 24 | . . . 24 Received Heat Transfer 116 | . . . 116 Siege Activations . | . . . . Robots Corrupted . | . . . . Combat Hostiles . | . . . . Parts Fried . | . . . . Impact Corruptions . | . . . . Robots Melted . | . . . . Combat Hostiles . | . . . . Parts Melted . | . . . . Heat Transferred 220 | . . 140 80 Parts Sabotaged . | . . . . Parts Stolen . | . . . . Parts Stripped . | . . . . Power Chain Reactions . | . . . . Alert | -11 -10 -10 -10 ------- Run | Yrd Mat Min Exi Peak Influence 105 | . . 105 . Initial . | . . . . Average 65 | . . 91 . Maximum Alert Level . | . . . . Low Security (%) 100 | . 100 100 . Level 1 . | . . . . Level 2 . | . . . . Level 3 . | . . . . Level 4 . | . . . . Level 5 . | . . . . High Security . | . . . . Max Security . | . . . . Squads Dispatched . | . . . . Investigation . | . . . . Extermination . | . . . . Reinforcement . | . . . . Assault . | . . . . Garrison . | . . . . Intercept . | . . . . Searches Triggered . | . . . . Construction Impeded . | . . . . Haulers Reinforced . | . . . . Active Scanning Responses . | . . . . Cargo Convoy Interrupts . | . . . . Stealth | -11 -10 -10 -10 --------- Run | Yrd Mat Min Exi Distress Signals . | . . . . Communications Jammed . | . . . . Distress Signals . | . . . . Times Spotted 16 | . 4 3 9 Peak Tracking Total 11 | . 5 3 11 Tactical Retreats 2 | . . 1 1 Traps | -11 -10 -10 -10 ------- Run | Yrd Mat Min Exi Traps Triggered . | . . . . Indirectly . | . . . . Trap Hack Attempts . | . . . . Triggered . | . . . . Disarmed . | . . . . Reprogrammed . | . . . . Reused . | . . . . Traps Extracted . | . . . . Installed . | . . . . Triggered . | . . . . Machines | -11 -10 -10 -10 ---------- Run | Yrd Mat Min Exi Machines Disabled . | . . . . Max in Single Turn . | . . . . Machines Repaired . | . . . . Machines Dismantled . | . . . . Machines Sabotaged . | . . . . Overloaded Fab Kills . | . . . . Hacking | -11 -10 -10 -10 --------- Run | Yrd Mat Min Exi Machines Accessed 5 | . . . 5 Terminals . | . . . . Fabricators . | . . . . Repair Stations . | . . . . Recycling Units . | . . . . Scanalyzers . | . . . . Garrison Access . | . . . . Total Hacks 50 | . . . 50 Successful 50 | . . . 50 Failed . | . . . . Catastrophic . | . . . . Database Lockouts . | . . . . Manual 3 | . . . 3 Terminals . | . . . . Fabricators . | . . . . Repair Stations . | . . . . Recycling Units . | . . . . Scanalyzers . | . . . . Garrison Access . | . . . . Terminal Hacks 50 | . . . 50 Record 49 | . . . 49 Derelict Proto ID Bank 1 | . . . 1 Fabricator Hacks . | . . . . Repair Station Hacks . | . . . . Recycling Unit Hacks . | . . . . Scanalyzer . | . . . . Garrison Access Hacks . | . . . . Unauthorized Hacks . | . . . . Terminals . | . . . . Fabricators . | . . . . Repair Stations . | . . . . Recycling Units . | . . . . Scanalyzers . | . . . . Garrison Access . | . . . . Data Cores Recovered . | . . . . Used . | . . . . Hacking Detections . | . . . . Full Trace Events . | . . . . Feedback Events . | . . . . Feedback Blocked . | . . . . Robot Schematics Acquired . | . . . . Robots Built . | . . . . Authchips . | . . . . Time . | . . . . Total Robot Build Rating . | . . . . Part Schematics Acquired . | . . . . Parts Built . | . . . . Authchips . | . . . . Time . | . . . . Total Part Build Rating . | . . . . Parts Repaired . | . . . . Time . | . . . . Parts Recycled . | . . . . Recycled Matter . | . . . . Retrieved Matter . | . . . . Retrieved Components . | . . . . Parts Scanalyzed . | . . . . Part Schematics Acquired . | . . . . Parts Damaged . | . . . . Bothacking | -11 -10 -10 -10 ------------ Run | Yrd Mat Min Exi Used RIF Installer . | . . . . Robots Hacked . | . . . . Non-combat . | . . . . Combat . | . . . . Robot Hacks Applied . | . . . . Relay Couplers Released . | . . . . Fabnet Peak Effective % . | . . . . Robots Rewired . | . . . . Allies Hacked . | . . . . Hacks Repelled . | . . . . Allies | -11 -10 -10 -10 -------- Run | Yrd Mat Min Exi Total Allies . | . . . . Largest Group . | . . . . Highest-Rated Group . | . . . . Highest-Rated Ally . | . . . . Total Orders . | . . . . Ally Attacks . | . . . . Total Damage . | . . . . Kills . | . . . . Allies Corrupted . | . . . . Allies Melted . | . . . . Intel | -11 -10 -10 -10 ------- Run | Yrd Mat Min Exi Robot Analysis Total . | . . . . Derelict Logs Recovered 1 | . . 1 . Drone Launches . | . . . . Drone Recoveries . | . . . . Exploration | -11 -10 -10 -10 ------------- Run | Yrd Mat Min Exi Turns Passed 466 | . 69 178 219 Spaces Moved 975 | 1 101 304 569 Core . | . . . . Treads . | . . . . Legs 11 | 1 10 . . Wheels . | . . . . Hover . | . . . . Flight 964 | . 91 304 569 Fastest Speed 37 | 120 37 37 37 Average Speed 38 | 120 46 37 37 Slowest Speed 120 | 120 120 37 120 Overloaded Moves . | . . . . Propulsion Burnouts . | . . . . Robots Hopped 4 | . 1 3 . Cave-ins Triggered . | . . . . Exploration Rate (%) 44 | 1 26 58 91 Regions Visited 3 Branch Regions 2 Pre-discovered Areas 2 | . . 1 1 Known Exits Taken 1 | . . 1 . Unknown Exits Taken 2 | 1 1 . . Scrap Searched 2 | . . 2 . Spaces Dug . | . . . . Terrain Destroyed . | . . . . Melee . | . . . . Projectile . | . . . . AOE . | . . . . Terrain Rammed . | . . . . Walls Destroyed . | . . . . Machines Disabled . | . . . . Actions | -11 -10 -10 -10 --------- Run | Yrd Mat Min Exi Total 1050 | . 126 352 572 Wait 32 | . . 32 . Move 965 | . 98 298 569 Hop 3 | . 1 2 . Pick Up 6 | . 6 . . Fast Attach 4 | . 3 1 . Attach 4 | . 4 . . Detach 2 | . 2 . . Swap 3 | . 1 2 . Drop 14 | . 11 3 . Fire 17 | . . 14 3 Melee . | . . . . Ram . | . . . . Kick . | . . . . Crush . | . . . . Escape Stasis . | . . . . Rewire . | . . . . Trap . | . . . . Miscellaneous . | . . . . Route ------- -11/Scrapyard -10/Materials (discovered 2 exits: [*Mat] / [*Min]) -10/Mines -10/Exiles (discovered 1 exit: *Min) History --------- Turn | Location | Event 1 | -11/Scrapyard | Discovered new exit (range 0) 1 | -11/Scrapyard | Entered Materials 53 | -10/Materials | Discovered new exit (range 14) 70 | -10/Materials | Discovered new exit (range 15) 70 | -10/Materials | Entered Mines 126 | -10/Mines | YI-UF0 nonchalantly dropped a Grenade Launcher on the ground 132 | -10/Mines | Learned location of Storage (-9) 139 | -10/Mines | Found a hidden stash of uninstalled traps 143 | -10/Mines | Assembled infested the area 179 | -10/Mines | Met 8R-AWN 244 | -10/Mines | Discovered new exit (range 5) 247 | -10/Mines | Identified exit to Exiles 248 | -10/Mines | Entered Exiles 257 | -10/Exiles | Welcomed by 8R-AWN 263 | -10/Exiles | Met EX-HEX 295 | -10/Exiles | Met EX-BIN 301 | -10/Exiles | Aligned with FarCom system 302 | -10/Exiles | Given EX-Vault access code 313 | -10/Exiles | Build established: Mutant 320 | -10/Exiles | Opened EX-Vault 340 | -10/Exiles | Warned to stay clear of 0b10 Research branches 362 | -10/Exiles | Met EX-DEC 366 | -10/Exiles | Learned location of Zion (-6) 381 | -10/Exiles | Discovered new exit (range 14) 385 | -10/Exiles | Identified exit to Mines 411 | -10/Exiles | Visited The Gauntlet 453 | -10/Exiles | Attacked by the Exiles 461 | -10/Exiles | Core integrity fell below 50% 466 | -10/Exiles | Core integrity fell below 20% 467 | -10/Exiles | Destroyed by as-67097 with Assembled Heavy Rifle Last Messages --------------- 00453_ EXILES: Hostile robot within lab perimeter. Defensive protocols time, folks! 00455_ Machine disabled. 00459_ Flight Unit destroyed. 00462_ Machine disabled. 00463_ Critical hit (Burn: +80). 00463_ Penetrated by HV Slug. 00463_ HV Slug penetrates Machine. 00463_ Machine disabled. 00463_ HV Slug penetrates Machine. 00465_ Lgt. Ion Engine destroyed. 00466_ P4-AUG(z) heat spikes uncontrollably. 00466_ Penetrated by HV Slug. 00466_ HV Slug penetrates Machine. 00466_ Penetrated by HV Slug. 00466_ Critical hit (Destroy). 00466_ Spread Laser destroyed. 00466_ HV Slug penetrates Machine. 00467_ P4-AUG(z) heat spikes uncontrollably. 00467_ P4-AUG(z) overheating. Map ----- +----------------------------------------------------+ | ?????????#" """#??????????????????????? | | ?????????#" """#??????????????????????? | | ?????????#" """#??????????????????????? | | ?????????#" """##?????????????????????? | | "#???????## """""?????????????????????? | | ?????????# """##?????????????????????? | | ?????????#" "X" """""?????????????????????? | | "#????????#" """ #??????????????????????? | | "?????????#" """""""""#??????????????????????? | | ?????????##" ###########??????????????????????? | | ????????##"" #????????????????????????????????? | | ##?######"" #????????????????????????????????? | | "###""""""" ##???????????????????????????????? | | """""" " "" ##???###########????????????????? | | "" """ " #####""""" """##???????????????? | | " " " """ """"##??????????????? | | "" " #??????????????? | | " """#??????????????? | | "a"#???????????#### | | " "##?????????##" | | ""###???????#" | | """""" """#??????##" | | ######""" "#????### | | ""##????#####"" ##???# | | """##?????????##" ##?## | | """##???????????# " @ ### | | ""#???????????## a g ## | | ########??####"""" c #### | | ## ####"" z ""#?#" | | """" aa #"""##?## | | aaaa ######???? | | ##????????? | | % " ##?????????? | | " " """ ""#??????????? | | ""## ##""" " " ""#" "##??????????? | | ""#### ######""" """##"""""""##???????????? | | """"##??# #????###""""###########????????????? | | """#???# #??????######??????????????????????? | | ""##???! ??????????????????????????????????? | | """##???#" ?????????????????????????????????? | | ##????#" ?????????????????????????????????? | | ##?????#!!""!"????????????????????????????????? | | #???????######????????????????????????????????? | | ##?????????????????????????????????????????????? | | #??????????????????????????????????????????????? | | #??????????????????????????????????????????????? | | #??????????????????????????????????????????????? | | #??????????????????????????????????????????????? | | #??????????????????????????????????????????????? | | #??????????????????????????????????????????????? | +----------------------------------------------------+ Best States ------------- Heat Dissipation 49 Energy Generation 10 Energy Capacity 125 Matter Stores 300 Matter Capacity 300 Sight Range 16 Terrain Scan Density 10 Evasion (%) 62 Item Schematics ----------------- None Robot Schematics ------------------ None Fabricated ------------ Nothing Alien Tech Used ----------------- None Achievements -------------- None Challenges ------------ None Game ------ Seed MicroSignalShielding Manual? 0 Play Time 00:13:25 Cumulative 151.8 hours Start 2024.05.05 @ 13:51:39 End 2024.05.06 @ 11:18:52 Sessions 3 Manual Loads 0 Difficulty Rogue Special Mode None Game No. 298 Rogue 298 Adventurer 0 Explorer 0 Win Type - Total 0 Types 0/0/0/0/0/0/0/0/0 Lore% 37 Gallery% 51 Achievement% 37 Wizard Run 0 Options --------- Layout 1 ASCII 0 Keyboard 0 Movement Mouse Keybinds 0 Fullscreen 1 Font 24/Smallcaps Map View 50x40 Zoom Use 0% Tactical HUD 1 Map Filters NONE Filters NONE Steam 1 RUN: db2c496e-1a13-493a-9ac1-49d6bb07b4d1